AoeStats
← varunalur2879

Arena

509377275Analyzed
3v3 RM · 6d ago on Sep 26, 2026· 36m 28s· 6 players
Game mode
Random Map
Map size
Normal (6 player)
Population
200
Speed
Normal
Resources
Standard
Victory
Conquest
Starting age
Dark Age
Ending age
Imperial Age
RankedLock teamsTeams togetherTeam positionsShared explorationLock speedFull tech treeHidden civsTurbo modeCheats
Victory
Defeat
🇦🇷 Khmer · Argentina
1413
+16
🇦🇷 Aztecs · Argentina
1399
+16
🇮🇳 Saxons · India
1365
+18
🇨🇳 Franks · China
1558
-23
🇨🇳 Bulgarians · China
1418
-17
🇦🇷 Vietnamese · Argentina
1246
-10
_TY_梦涯
11:03 Feudal Age
11:51 Double-Bit Axe
14:45 Castle Age
13:01 Horse Collar
16:12 Wheelbarrow
15:40 Heavy Plow
15:58 Bow Saw
16:49 Wheelbarrow
22:16 Hand Cart
22:22 Gold Mining
26:32 Imperial Age
24:13 Loom
24:33 Scale Mail Armor
24:43 Forging
25:30 Chain Mail Armor
26:12 Iron Casting
25:36 Gambesons
25:51 Squires
25:38 Arson
27:45 Plate Mail Armor
28:15 Blast Furnace
26:36 Capped Ram
27:53 Siege Ram
28:58 Scale Barding Armor
30:20 Chain Barding Armor
30:29 Husbandry
30:39 Bloodlines
29:50 Light Cavalry
31:27 Town Watch
33:21 Bagains
33:41 Conscription
34:58 Stirrups
35:23 Fletching
36:10 Plate Barding Armor
CYJ8564
2:34 Loom
11:44 Feudal Age
15:53 Castle Age
13:56 Double-Bit Axe
13:52 Horse Collar
17:16 Bow Saw
17:09 Heavy Plow
25:24 Wheelbarrow
28:25 Imperial Age
26:39 Forging
26:30 Scale Mail Armor
26:30 Padded Archer Armor
26:47 Man-at-Arms
27:28 Squires
27:45 Chain Mail Armor
28:06 Iron Casting
27:16 Treadmill Crane
27:49 Long Swordsman
28:37 Two-Handed Swordsman
29:59 Crop Rotation
29:53 Pikeman
30:32 Champion
32:29 Halberdier
35:43 Two-Man Saw
SGUOP
10:23 Feudal Age
12:11 Double-Bit Axe
14:30 Castle Age
14:34 Light Cavalry
19:46 Wheelbarrow
21:05 Gold Mining
21:27 Bow Saw
22:17 Gold Mining
25:27 Gold Shaft Mining
28:36 Imperial Age
26:22 Hand Cart
28:41 Imperial Age
26:26 Hand Cart
27:02 Gold Shaft Mining
27:36 Scale Barding Armor
27:37 Stone Mining
28:13 Loom
28:45 Cavalier
29:47 Chain Barding Armor
30:54 Plate Barding Armor
30:31 Forging
31:28 Iron Casting
30:27 Paladin
32:38 Iron Casting
32:43 Conscription
33:21 Chivalry
32:48 Pikeman
34:45 Blast Furnace
33:42 Halberdier
varunalur2879
11:05 Feudal Age
11:57 Double-Bit Axe
14:38 Castle Age
12:36 Horse Collar
16:10 Bow Saw
21:58 Wheelbarrow
21:11 Loom
23:40 Hand Cart
23:47 Heavy Plow
23:43 Gold Mining
28:33 Imperial Age
26:13 Squires
26:16 Scale Mail Armor
26:50 Ballistics
26:22 Fletching
26:27 Town Watch
27:30 Chain Mail Armor
27:51 Forging
27:35 Gambesons
28:25 Man-at-Arms
29:47 Plate Mail Armor
29:52 Conscription
29:47 Elite Varangian Guard
30:48 Shield Wall
32:46 Iron Casting
32:18 Bodkin Arrow
32:44 Arson
33:46 Gold Shaft Mining
33:03 Stone Mining
35:05 Elite Hearth Troop
37:02 Bracer
Sacachispas
10:39 Feudal Age
12:01 Double-Bit Axe
14:38 Castle Age
12:29 Horse Collar
15:33 Bow Saw
19:10 Heavy Plow
20:41 Wheelbarrow
21:08 Gold Mining
24:18 Hand Cart
24:51 Loom
27:40 Imperial Age
25:38 Stone Mining
26:12 Scale Mail Armor
26:53 Forging
28:35 Chain Mail Armor
29:00 Conscription
29:40 Iron Casting
29:48 Elite Jaguar Warrior
32:17 Plate Mail Armor
31:55 Squires
31:41 Arson
33:26 Garland Wars
34:49 Blast Furnace
34:13 Town Watch
35:09 Gold Shaft Mining
黑糖
10:34 Feudal Age
13:25 Castle Age
12:37 Double-Bit Axe
12:34 Horse Collar
20:51 Wheelbarrow
22:10 Town Watch
22:41 Hand Cart
23:42 Gold Mining
24:13 Loom
24:28 Town Patrol
29:07 Imperial Age
27:33 Gold Shaft Mining
26:49 Stone Mining
28:04 Careening
27:52 Murder Holes
28:49 Bloodlines
28:39 Husbandry
29:00 Scale Barding Armor
29:05 Forging
29:13 Elite Battle Elephant
30:50 Chain Barding Armor
33:25 Stone Shaft Mining
33:03 Bow Saw
32:56 Heavy Plow
34:29 Iron Casting
36:09 Plate Barding Armor
36:52 Blast Furnace
36:59 Tusk Swords
Connection lost

Rejoining the realm…

Still unreachable

The connection could not be restored.

Session expired

The server has moved on; the page needs a fresh start.